AoeStats
← Malicious

Oasis

509733110Analyzed
3v3 RM · 5d ago on Sep 27, 2026· 44m 12s· 6 players
Game mode
Random Map
Map size
Normal (6 player)
Population
200
Speed
Normal
Resources
Standard
Victory
Conquest
Starting age
Dark Age
Ending age
Imperial Age
RankedLock teamsTeams togetherTeam positionsShared explorationLock speedFull tech treeHidden civsTurbo modeCheats
Victory
Defeat
🇮🇳 Poles · India
1127
+16
🇸🇰 Berbers · Slovakia
1087
+17
🇦🇷 Saxons · Argentina
1040
+19
🇹🇷 Poles · Türkiye
1196
-20
🇹🇷 Britons · Türkiye
1136
-18
🇹🇷 Franks · Türkiye
1020
-40
Evil Morty
11:15 Feudal Age
14:48 Castle Age
12:57 Double-Bit Axe
14:16 Horse Collar
16:28 Bow Saw
17:44 Wheelbarrow
17:32 Heavy Plow
21:31 Gold Mining
23:11 Hand Cart
24:46 Bloodlines
24:36 Husbandry
26:33 Scale Barding Armor
26:20 Loom
27:55 Gold Shaft Mining
27:32 Fletching
31:08 Imperial Age
29:03 Stone Mining
28:59 Treadmill Crane
29:39 Ballistics
29:31 Masonry
29:21 Murder Holes
29:22 Bodkin Arrow
30:46 Stone Shaft Mining
30:32 Caravan
32:24 Conscription
32:39 Kasbah
36:03 Maghrebi Camels
36:20 Elite Camel Archer
36:25 Heavy Camel Rider
38:16 Chain Barding Armor
37:57 Bracer
39:28 Crop Rotation
40:48 Chemistry
39:40 Arrowslits
40:06 Masonry
39:44 Town Watch
41:42 Forging
42:08 Plate Barding Armor
44:02 Padded Archer Armor
44:38 Iron Casting
45:07 Leather Archer Armor
Phant*
5:46 Loom
8:46 Feudal Age
14:47 Fletching
15:28 Double-Bit Axe
18:26 Horse Collar
19:52 Wheelbarrow
24:06 Castle Age
22:42 Scale Mail Armor
24:49 Town Watch
25:19 Hand Cart
27:32 Chain Mail Armor
28:25 Stone Mining
28:25 Gold Mining
28:42 Heavy Plow
28:53 Bow Saw
29:17 Forging
30:06 Fortified Wall
30:38 Bodkin Arrow
31:30 Squires
38:55 Imperial Age
36:38 Guard Tower
38:21 Ballistics
39:49 Shield Wall
39:58 Elite Hearth Troop
41:17 Keep
40:27 Arrowslits
41:22 Arson
42:51 Masonry
44:47 Plate Mail Armor
44:53 Iron Casting
vibhuyasha
0:33 Loom
13:38 Feudal Age
18:58 Castle Age
16:52 Double-Bit Axe
17:02 Horse Collar
18:15 Scale Mail Armor
20:59 Pikeman
21:40 Squires
21:25 Arson
23:50 Wheelbarrow
24:17 Heavy Plow
28:00 Fletching
28:33 Hand Cart
32:58 Imperial Age
30:53 Bodkin Arrow
31:04 Scale Barding Armor
31:09 Forging
33:26 Szlachta Privileges
33:46 Bow Saw
34:07 Conscription
33:45 Cavalier
34:35 Bloodlines
34:26 Husbandry
34:49 Chain Barding Armor
34:40 Forging
34:32 Bracer
34:32 Padded Archer Armor
36:56 Iron Casting
38:53 Siege Engineers
39:12 Ballistics
38:27 Light Cavalry
39:53 Crop Rotation
42:08 Blast Furnace
41:12 Winged Hussar
43:42 Lechitic Legacy
TheCaesar
7:37 Loom
9:55 Feudal Age
14:49 Double-Bit Axe
18:07 Fletching
24:00 Castle Age
23:08 Padded Archer Armor
24:01 Crossbowman
26:42 Ballistics
27:11 Bodkin Arrow
35:56 Imperial Age
35:51 Leather Archer Armor
37:26 Wheelbarrow
38:22 Chemistry
38:08 Arbalester
40:37 Bracer
42:05 Ring Archer Armor
bearrupert
11:40 Feudal Age
16:01 Double-Bit Axe
16:59 Forging
16:54 Scale Barding Armor
22:40 Castle Age
22:11 Stone Mining
22:15 Gold Mining
25:59 Gold Shaft Mining
29:16 Iron Casting
29:01 Chain Barding Armor
33:05 Husbandry
42:16 Coinage
44:46 Imperial Age
Malicious
11:47 Feudal Age
10:04 Loom
11:49 Feudal Age
15:31 Double-Bit Axe
16:04 Forging
15:59 Scale Barding Armor
17:11 Bloodlines
17:35 Horse Collar
23:51 Castle Age
23:59 Light Cavalry
24:40 Husbandry
25:25 Bow Saw
25:16 Heavy Plow
25:17 Stone Mining
26:37 Iron Casting
25:46 Pikeman
28:16 Chain Barding Armor
28:51 Fletching
29:21 Scale Mail Armor
29:21 Gold Mining
31:51 Szlachta Privileges
36:04 Imperial Age
34:50 Chain Mail Armor
35:51 Treadmill Crane
37:58 Chemistry
37:59 Lechitic Legacy
38:00 Conscription
37:40 Winged Hussar
41:51 Blast Furnace
43:50 Blast Furnace
43:14 Ballistics
Connection lost

Rejoining the realm…

Still unreachable

The connection could not be restored.

Session expired

The server has moved on; the page needs a fresh start.